 Dungeon Sprint DCSS version 0.19.1 (webtiles) character file.

301 dvd the Cudgeler (level 6, 0/68 HPs)
             Began as a Troll Berserker on Dec 21, 2016.
             Was a Believer of Trog.
             Slain by a yak (16 damage)
             ... in the Dungeon (Sprint I: "Red Sonja").
             The game lasted 00:00:59 (287 turns).

dvd the Cudgeler (Troll Berserker)                   Turns: 287, Time: 00:00:59

Health: 0/68       AC:  5    Str: 26    XL:     6   Next: 14%
Magic:  5/5        EV: 12    Int:  3    God:    Trog [**....]
Gold:   308        SH:  0    Dex: 11    Spells: 0 memorised, 5 levels left

rFire  . . .     SeeInvis .     a - +0 mace
rCold  . . .     Gourm    +     b - +0 animal skin
rNeg   . . .     Faith    .     (no shield)
rPois  .         Spirit   .     (helmet restricted)
rElec  .         Reflect  .     (no cloak)
rCorr  .         Harm     .     (gloves unavailable)
MR     .....     NoTele   +     (boots unavailable)
Stlth  +.........               (no amulet)
                                (no ring)
                                (no ring)

@: no status effects
A: unfitting armour, claws 3, fast metabolism 3, gourmand, regeneration 1,
shaggy fur 1, tough skin 2
a: Berserk, Trog's Hand, Burn Spellbooks, Renounce Religion


You were in the Dungeon.
You worshipped Trog.
Trog was pleased with you.
You were full.

You visited 1 branch You collected 308 gold pieces.

Inventory:

Hand Weapons
 a - a +0 mace (weapon)
Armour
 b - a +0 animal skin (worn)
Scrolls
 i - a scroll of blinking
Potions
 d - a potion of curing
 e - a potion of heal wounds
 f - a potion of haste
 g - 2 potions of magic
 h - a potion of berserk rage
Comestibles
 c - 2 bread rations


   Skills:
 + Level 6.7 Fighting
 + Level 7.5 Maces & Flails
 + Level 6.5 Dodging


You had 5 spell levels left.
You didn't know any spells.

Dungeon Overview and Level Annotations

Branches:
Dungeon (1/1)

Altars:
Cheibriados
Dithmenos
Gozag
Hepliaklqana
Kikubaaqudgha
Ru
Sif Muna
Uskayaw
Vehumet
Yredelemnul

Shops:
D (


Innate Abilities, Weirdness & Mutations

You are too large for most types of armour.
You have claws for hands.
Your metabolism is lightning-fast.
You like to eat raw meat.
Your natural rate of healing is unusually fast.
You are covered in fur. (AC +1)
You have very tough skin. (AC +2)


Message History

The yak is heavily wounded.
The yak misses you.
You hit the yak.
The yak is severely wounded.
The yak gores you but does no damage.
You barely miss the yak.
The yak is severely wounded.
The yak gores you!
You hit the yak.
The yak is severely wounded.
The yak gores you.
You hit the yak.
The yak is almost dead.
The yak gores you!
* * * LOW HITPOINT WARNING * * *
The yak closely misses you.
You barely miss the yak.
The yak is almost dead.
The yak gores you!
You die...

################
#<.#..').#..'..#
#..').#..').#..+
#..#####'#####'#
#..# #..#...#)#
#..# ####..##.#
#..# ##@#..+
#⌠⌠#_.∩...Y..._#
####_..__##_.#+#


____ ##+# ### You could see a yak.

Vanquished Creatures
  Sigmund (D)
  An ogre (D)
  A jelly (D)
  Ijyb (D)
4 creatures vanquished.

Notes
Turn   | Place    | Note
-------+----------+-------------------------------------------
     0 | D        | dvd the Troll Berserker began the quest for the Orb.
     0 | D        | Reached XP level 1. HP: 22/22 MP: 0/0
     1 | D        | Noticed Ijyb
    26 | D        | Killed Ijyb
    26 | D        | Reached skill level 4 in Maces & Flails
    26 | D        | Reached XP level 2. HP: 18/31 MP: 1/1
    54 | D        | Noticed an ogre
    61 | D        | Killed an ogre
    61 | D        | Reached skill level 5 in Maces & Flails
    61 | D        | Reached skill level 5 in Dodging
    61 | D        | Reached XP level 3. HP: 13/41 MP: 2/2
    61 | D        | Reached XP level 4. HP: 16/49 MP: 3/3
   127 | D        | Noticed Sigmund
   143 | D        | Killed Sigmund
   143 | D        | Reached ** piety under Trog
   143 | D        | Reached skill level 7 in Maces & Flails
   143 | D        | Reached XP level 5. HP: 48/61 MP: 4/4
   143 | D        | Reached XP level 6. HP: 54/68 MP: 5/5
   246 | D        | Found a deep blue altar of Sif Muna.
   248 | D        | Found a radiant altar of Vehumet.
   272 | D        | Found Iprassat's Weapon Emporium.
   272 | D        | Found an ancient bone altar of Kikubaaqudgha.
   272 | D        | Found a hazy altar of Hepliaklqana.
   272 | D        | Found a hide-covered altar of Uskayaw.
   272 | D        | Found a basalt altar of Yredelemnul.
   272 | D        | Found an opulent altar of Gozag.
   272 | D        | Found a snail-covered altar of Cheibriados.
   272 | D        | Found a sacrificial altar of Ru.
   272 | D        | Found a shadowy altar of Dithmenos.
   272 | D        | Noticed a yak
   287 | D        | Slain by a yak

Skill      XL: |  1  2  3  4 |
---------------+-------------+-----
Fighting       | 3 4 6 |  6.7
Maces & Flails | 4 5 7 |  7.5
Dodging        | 3 5 6 |  6.5

Action                   |  1- 3 |  4- 6 || total
-------------------------+-------+-------++-------
Melee: Mace              |    31 |    32 ||    63
Invok: Berserk           |       |     1 ||     1
  Eat: Chunk             |       |     6 ||     6
Armor: Animal skin       |    12 |     4 ||    16
Dodge: Dodged            |    11 |     9 ||    20
